[ AOE2 MATCH · #504864063 ]
UnrankedBohemians vs Aztecs
Player's team · LOSS
Rival team · WIN
[ REPLAY ANALYSIS · EXTRACTED FROM THE RECORDED GAME ]
Feudal
8:51
Castle
22:46
Imperial
—
| APM avg | 85.8 |
| APM peak | 124 |
| eAPM avg | 32.6 |
| Villagers / military | 142 / 138 |
Focus
⚔️ 35.2% · 🌾 64.8%
Archer ×83 · Skirmisher ×46 · Scout Cavalry ×5 · Mangonel ×3 · Militia ×1
Feudal
8:51
Castle
19:56
Imperial
33:45
| APM avg | 67.3 |
| APM peak | 129 |
| eAPM avg | 39.7 |
| Villagers / military | 154 / 113 |
Focus
⚔️ 63.3% · 🌾 36.7%
Archer ×84 · Skirmisher ×10 · Monk ×5 · Eagle Scout ×5 · Militia ×4 · Trebuchet (Packed) ×3
Match map
Initial resources + every placement click. Lines = walls · curves = elevation contours. ◆ gold · ⬟ stone · ● berries · ✦ relic · ◌ wall gap
Your base· Open — 5t gap
No more T1LT's base· Open — unwalled flank
Smoothed initial terrain · ◌ = detected wall gap · hover for details
Inputs per minute
— MorrocanPlayer - - No more T1LT
Build order — MorrocanPlayer
First 150 of 456 actions detected
| 0:00 | Create | Villager (Male) |
| 0:01 | Create | Villager (Male) |
| 0:02 | Build | House |
| 0:03 | Build | House |
| 0:25 | Create | Villager (Male) |
| 0:31 | Create | Villager (Male) |
| 1:26 | Create | Villager (Male) |
| 1:27 | Create | Villager (Male) |
| 1:49 | Create | Villager (Male) |
| 1:49 | Create | Villager (Male) |
| 2:17 | Build | Lumber Camp |
| 2:30 | Create | Villager (Male) |
| 2:54 | Create | Villager (Male) |
| 2:59 | Create | Villager (Male) |
| 3:00 | Create | Villager (Male) |
| 3:25 | Build | House |
| 3:26 | Build | House |
| 3:46 | Create | Villager (Male) |
| 3:46 | Create | Villager (Male) |
| 4:01 | Create | Villager (Male) |
| 4:24 | Create | Villager (Male) |
| 4:30 | Build | Mill |
| 4:53 | Create | Villager (Male) |
| 4:53 | Create | Villager (Male) |
| 5:18 | Create | Villager (Male) |
| 5:34 | Create | Villager (Male) |
| 5:35 | Research | Loom |
| 6:39 | Research | Feudal Age |
| 6:39 | Research | Feudal Age |
| 7:04 | Build | Mining Camp |
| 7:15 | Build | Palisade Wall |
| 7:21 | Build | Palisade Wall |
| 7:27 | Build | Palisade Wall |
| 7:30 | Build | Palisade Wall |
| 7:57 | Build | Palisade Wall |
| 7:59 | Build | Palisade Wall |
| 8:01 | Build | Palisade Wall |
| 8:14 | Build | Barracks |
| 8:19 | Build | Palisade Wall |
| 8:20 | Build | Palisade Wall |
| 8:24 | Build | Palisade Wall |
| 8:26 | Build | Palisade Wall |
| 8:44 | Build | Palisade Wall |
| 8:51 | Age | Feudal Age |
| 8:54 | Create | Villager (Male) |
| 8:55 | Create | Villager (Male) |
| 9:04 | Build | Palisade Wall |
| 9:08 | Create | Villager (Male) |
| 9:20 | Build | Archery Range |
| 9:49 | Research | Wheelbarrow |
| 9:49 | Create | Villager (Male) |
| 9:52 | Research | Double-Bit Axe |
| 10:01 | Create | Villager (Male) |
| 10:02 | Create | Archer |
| 10:03 | Create | Archer |
| 10:19 | Create | Villager (Male) |
| 10:19 | Create | Villager (Male) |
| 10:21 | Build | Farm |
| 10:31 | Create | Archer |
| 10:40 | Build | House |
| 10:41 | Build | House |
| 11:00 | Build | House |
| 11:02 | Build | Palisade Wall |
| 11:05 | Create | Villager (Male) |
| 11:06 | Create | Villager (Male) |
| 11:09 | Build | Farm |
| 11:15 | Create | Villager (Male) |
| 11:43 | Create | Skirmisher |
| 11:44 | Create | Villager (Male) |
| 12:02 | Create | Villager (Male) |
| 12:04 | Build | Farm |
| 12:05 | Build | Farm |
| 12:13 | Create | Villager (Male) |
| 12:14 | Create | Archer |
| 12:36 | Create | Villager (Male) |
| 12:41 | Build | Farm |
| 12:41 | Build | Farm |
| 12:45 | Create | Villager (Male) |
| 12:47 | Build | Farm |
| 12:57 | Build | House |
| 12:59 | Create | Villager (Male) |
| 13:08 | Create | Archer |
| 13:22 | Build | Blacksmith |
| 13:39 | Create | Archer |
| 13:39 | Create | Archer |
| 14:09 | Research | Fletching |
| 14:13 | Create | Villager (Male) |
| 14:16 | Build | Farm |
| 14:16 | Build | Farm |
| 14:16 | Build | Farm |
| 14:17 | Build | Farm |
| 14:17 | Build | Farm |
| 14:37 | Build | House |
| 14:53 | Build | Farm |
| 14:58 | Create | Archer |
| 15:06 | Build | Lumber Camp |
| 15:07 | Create | Villager (Male) |
| 15:08 | Build | House |
| 15:09 | Build | House |
| 15:11 | Create | Villager (Male) |
| 15:13 | Create | Archer |
| 15:17 | Build | House |
| 15:20 | Create | Villager (Male) |
| 15:20 | Create | Skirmisher |
| 15:28 | Create | Villager (Male) |
| 15:31 | Research | Scale Mail Armor |
| 15:34 | Build | Stable |
| 15:39 | Create | Villager (Male) |
| 15:40 | Create | Archer |
| 15:46 | Create | Archer |
| 16:06 | Build | Farm |
| 16:07 | Build | Farm |
| 16:10 | Create | Archer |
| 16:27 | Create | Villager (Male) |
| 16:39 | Create | Villager (Male) |
| 16:42 | Build | Farm |
| 16:45 | Create | Villager (Male) |
| 16:46 | Create | Scout Cavalry |
| 16:47 | Create | Scout Cavalry |
| 16:48 | Create | Archer |
| 17:11 | Create | Villager (Male) |
| 17:15 | Build | Farm |
| 17:22 | Create | Villager (Male) |
| 17:22 | Create | Archer |
| 17:25 | Create | Scout Cavalry |
| 17:25 | Create | Scout Cavalry |
| 17:30 | Build | Farm |
| 17:35 | Build | Lumber Camp |
| 17:45 | Create | Militia |
| 17:46 | Create | Archer |
| 17:57 | Create | Villager (Male) |
| 18:03 | Build | Farm |
| 18:22 | Build | Mill |
| 18:49 | Create | Archer |
| 18:59 | Build | Market |
| 19:53 | Create | Archer |
| 19:56 | Build | Archery Range |
| 20:06 | Research | Castle Age |
| 20:07 | Research | Castle Age |
| 20:12 | Build | House |
| 20:24 | Create | Scout Cavalry |
| 20:30 | Build | House |
| 20:31 | Build | House |
| 20:37 | Build | Palisade Wall |
| 20:43 | Create | Archer |
| 20:56 | Create | Archer |
| 20:56 | Create | Archer |
| 21:26 | Build | Mining Camp |
| 21:34 | Build | Mining Camp |
| 21:37 | Create | Archer |
Build order — No more T1LT
First 150 of 413 actions detected
| 0:01 | Create | Villager (Male) |
| 0:02 | Build | House |
| 0:04 | Build | House |
| 0:05 | Create | Villager (Male) |
| 0:05 | Create | Villager (Male) |
| 0:10 | Create | Villager (Male) |
| 1:36 | Create | Villager (Male) |
| 1:51 | Create | Villager (Male) |
| 2:23 | Create | Villager (Male) |
| 2:23 | Create | Villager (Male) |
| 2:37 | Build | Lumber Camp |
| 2:49 | Create | Villager (Male) |
| 2:49 | Create | Villager (Male) |
| 3:00 | Create | Villager (Male) |
| 3:01 | Create | Villager (Male) |
| 3:19 | Create | Villager (Male) |
| 3:19 | Create | Villager (Male) |
| 3:32 | Create | Villager (Male) |
| 3:32 | Create | Villager (Male) |
| 3:52 | Build | House |
| 4:05 | Create | Villager (Male) |
| 4:05 | Create | Villager (Male) |
| 4:39 | Create | Villager (Male) |
| 5:11 | Build | Barracks |
| 5:40 | Create | Villager (Male) |
| 5:40 | Research | Loom |
| 6:12 | Build | House |
| 6:41 | Research | Feudal Age |
| 6:41 | Research | Feudal Age |
| 7:05 | Create | Militia |
| 7:21 | Create | Militia |
| 7:22 | Create | Militia |
| 7:31 | Build | Mill |
| 7:44 | Create | Militia |
| 7:58 | Build | House |
| 8:01 | Build | Palisade Wall |
| 8:22 | Create | Villager (Male) |
| 8:22 | Create | Villager (Male) |
| 8:51 | Age | Feudal Age |
| 8:56 | Create | Villager (Male) |
| 8:57 | Research | Horse Collar |
| 9:08 | Research | Double-Bit Axe |
| 9:09 | Create | Villager (Male) |
| 9:18 | Build | Archery Range |
| 9:28 | Research | Man-at-Arms (upgrade) |
| 9:35 | Create | Villager (Male) |
| 9:36 | Create | Villager (Male) |
| 9:44 | Build | Farm |
| 9:49 | Build | House |
| 9:58 | Build | House |
| 10:05 | Build | House |
| 10:09 | Build | House |
| 10:11 | Create | Villager (Male) |
| 10:11 | Create | Villager (Male) |
| 10:15 | Create | Skirmisher |
| 10:30 | Build | Farm |
| 10:30 | Create | Villager (Male) |
| 10:43 | Build | House |
| 10:53 | Build | Palisade Wall |
| 10:55 | Build | House |
| 10:58 | Create | Skirmisher |
| 10:58 | Create | Villager (Male) |
| 11:11 | Create | Villager (Male) |
| 11:21 | Build | Farm |
| 11:36 | Create | Villager (Male) |
| 11:48 | Create | Skirmisher |
| 12:00 | Create | Villager (Male) |
| 12:16 | Create | Villager (Male) |
| 12:21 | Build | Farm |
| 12:23 | Build | Farm |
| 12:25 | Build | Farm |
| 12:27 | Build | Farm |
| 12:27 | Build | Farm |
| 12:38 | Create | Skirmisher |
| 12:49 | Create | Villager (Male) |
| 12:53 | Build | Mining Camp |
| 13:15 | Create | Villager (Male) |
| 13:27 | Build | Blacksmith |
| 13:40 | Create | Skirmisher |
| 13:42 | Build | Farm |
| 13:47 | Create | Villager (Male) |
| 14:09 | Create | Villager (Male) |
| 14:13 | Build | House |
| 14:15 | Build | Palisade Wall |
| 14:44 | Create | Villager (Male) |
| 14:52 | Build | Farm |
| 14:52 | Build | Farm |
| 14:54 | Build | Farm |
| 14:57 | Build | Farm |
| 14:57 | Create | Skirmisher |
| 15:02 | Build | Farm |
| 15:04 | Create | Villager (Male) |
| 15:05 | Create | Villager (Male) |
| 15:17 | Build | Lumber Camp |
| 15:47 | Research | Town Watch |
| 15:55 | Build | Farm |
| 15:56 | Create | Villager (Male) |
| 15:57 | Create | Skirmisher |
| 16:38 | Create | Villager (Male) |
| 16:43 | Build | Palisade Gate |
| 17:16 | Research | Castle Age |
| 17:17 | Research | Castle Age |
| 17:42 | Create | Skirmisher |
| 17:45 | Research | Fletching |
| 17:54 | Create | Skirmisher |
| 17:58 | Build | Farm |
| 18:00 | Build | Farm |
| 18:01 | Build | Archery Range |
| 18:06 | Build | Farm |
| 18:06 | Build | Farm |
| 18:12 | Research | Padded Archer Armor |
| 18:17 | Research | Horse Collar |
| 18:25 | Create | Skirmisher |
| 18:35 | Create | Archer |
| 18:35 | Create | Villager (Male) |
| 18:50 | Research | Gold Mining |
| 18:56 | Build | Farm |
| 18:58 | Create | Eagle Scout |
| 19:02 | Create | Villager (Male) |
| 19:40 | Create | Eagle Scout |
| 19:42 | Create | Archer |
| 19:43 | Create | Archer |
| 19:56 | Age | Castle Age |
| 19:57 | Build | Farm |
| 20:01 | Build | Monastery |
| 20:04 | Create | Eagle Scout |
| 20:04 | Create | Eagle Scout |
| 20:05 | Create | Villager (Male) |
| 20:08 | Research | Crossbowman (upgrade) |
| 20:12 | Research | Bodkin Arrow |
| 20:12 | Create | Villager (Male) |
| 20:25 | Create | Archer |
| 20:25 | Create | Archer |
| 20:32 | Build | House |
| 20:34 | Build | House |
| 20:50 | Create | Villager (Male) |
| 20:54 | Create | Villager (Male) |
| 21:14 | Create | Villager (Male) |
| 21:14 | Create | Villager (Male) |
| 21:15 | Create | Archer |
| 21:15 | Create | Archer |
| 21:18 | Create | Monk |
| 21:18 | Create | Monk |
| 21:23 | Build | Farm |
| 21:24 | Build | Farm |
| 21:25 | Build | Farm |
| 21:36 | Create | Archer |
| 21:36 | Create | Archer |
| 21:42 | Research | Wheelbarrow |
| 21:44 | Create | Villager (Male) |
Match timeline
| 5:11 | No more T1LT · first_building Barracks |
| 7:15 | MorrocanPlayer · wall_segment Palisade Wall x5 |
| 7:21 | MorrocanPlayer · wall_segment Palisade Wall x3 |
| 7:27 | MorrocanPlayer · wall_segment Palisade Wall x1 |
| 7:30 | MorrocanPlayer · wall_segment Palisade Wall x1 |
| 7:57 | MorrocanPlayer · wall_segment Palisade Wall x1 |
| 7:59 | MorrocanPlayer · wall_segment Palisade Wall x1 |
| 8:01 | No more T1LT · wall_segment Palisade Wall x6 |
| 8:01 | MorrocanPlayer · wall_segment Palisade Wall x1 |
| 8:14 | MorrocanPlayer · first_building Barracks |
| 8:19 | MorrocanPlayer · wall_segment Palisade Wall x2 |
| 8:20 | MorrocanPlayer · wall_segment Palisade Wall x1 |
| 8:24 | MorrocanPlayer · wall_segment Palisade Wall x1 |
| 8:26 | MorrocanPlayer · wall_segment Palisade Wall x1 |
| 8:44 | MorrocanPlayer · wall_segment Palisade Wall x1 |
| 8:51 | MorrocanPlayer · age_up feudal |
| 8:51 | No more T1LT · age_up feudal |
| 9:04 | MorrocanPlayer · wall_segment Palisade Wall x1 |
| 9:18 | No more T1LT · first_building Archery Range |
| 9:20 | MorrocanPlayer · first_building Archery Range |
| 10:53 | No more T1LT · wall_segment Palisade Wall x3 |
| 11:02 | MorrocanPlayer · wall_segment Palisade Wall x18 |
| 14:15 | No more T1LT · wall_segment Palisade Wall x4 |
| 15:34 | MorrocanPlayer · first_building Stable |
| 19:56 | No more T1LT · age_up castle |
| 20:01 | No more T1LT · first_building Monastery |
| 20:01 | MorrocanPlayer · first_market_buy 100 food |
| 20:03 | MorrocanPlayer · first_market_sell 100 wood |
| 20:37 | MorrocanPlayer · wall_segment Palisade Wall x14 |
| 22:46 | MorrocanPlayer · age_up castle |
| 28:06 | MorrocanPlayer · first_building Siege Workshop |
| 29:53 | No more T1LT · first_building Siege Workshop |
| 33:24 | No more T1LT · first_building Castle |
| 33:45 | No more T1LT · age_up imperial |
| 34:11 | MorrocanPlayer · first_building Castle |
| 36:02 | MorrocanPlayer · first_building Monastery |
| 37:38 | No more T1LT · first_market_buy 100 stone |
| 39:51 | MorrocanPlayer · resign |
[ AI ANALYSIS · 1 CREDIT ]
What really happened in this match?
Wolo.gg analyzes every decision: build order, eco, micro, common mistakes by bracket. Personalized analysis on WhatsApp or Discord in 30 seconds.
Civ guide
Bohemians
Perfil
Jugador #6072155